 Dungeon Crawl Stone Soup version 0.26.1-11-gd32895ea62 (webtiles) character file.

Game seed: 2934812470986102979

14 hansi the Chopper (level 2, -3/27 HPs)
             Began as a Minotaur Berserker on June 29, 2021.
             Was a Follower of Trog.
             Slain by a black bear (5 damage)
             ... on level 2 of the Dungeon.
             The game lasted 00:14:46 (437 turns).

hansi the Chopper (Minotaur Berserker)               Turns: 437, Time: 00:14:51

Health: -3/27      AC:  2    Str: 21    XL:     2   Next: 31%
Magic:  1/1        EV: 12    Int:  4    God:    Trog [*.....]
Gold:   36         SH:  0    Dex:  9    Spells: 1/1 levels left

rFire    . . .     SeeInvis .   e - +1 hand axe (freeze)
rCold    . . .     Faith    .   (no shield)
rNeg     . . .     Spirit   .   b - +0 animal skin
rPois    .         Reflect  .   (helmet restricted)
rElec    .         Harm     .   (no cloak)
rCorr    .         Rampage  .   (no gloves)
Will     .....                  (no boots)
Stlth    +.........             (no amulet)
HPRegen  0.09/turn              (no ring)
MPRegen  0.07/turn              (no ring)

@: no status effects
A: retaliatory headbutt, horns 2
a: Renounce Religion, Berserk


You were on level 2 of the Dungeon.
You worshipped Trog.
Trog was aware of your devotion.
You visited 1 branch of the dungeon, and saw 2 of its levels.

You collected 36 gold pieces.

Inventory:

Hand Weapons
 a - a +0 hand axe
 c - a +0 club
 d - a +0 club
 e - a +1 hand axe of freezing (weapon)
 g - a +0 hunting sling
 j - a +0 club
 l - a +0 hunting sling
 n - a +0 dagger
Missiles
 h - 60 stones
Armour
 b - a +0 animal skin (worn)
 i - a +0 ring mail
 m - a cursed +0 cloak
Scrolls
 k - a scroll of teleportation
 q - a scroll of magic mapping {unknown}
Potions
 f - a potion of heal wounds {unknown}
 o - a potion of degeneration {unknown}
 p - a potion of ambrosia {unknown}


   Skills:
 + Level 4.0 Fighting
 + Level 4.1 Axes
 + Level 2.6 Armour
 + Level 2.3 Dodging


You had one spell level left.
You didn't know any spells.
Your spell library was empty.

Dungeon Overview and Level Annotations

Branches:
Dungeon (2/15)

Altars:
Ashenzari


Innate Abilities, Weirdness & Mutations

You reflexively headbutt those who attack you in melee.
You have a pair of horns on your head.


Message History

You slash the black bear! You freeze the black bear.
The black bear is severely wounded.
The black bear bites you but does no damage.
The black bear claws you. x2
You barely miss the black bear.
The black bear is severely wounded.
The black bear barely misses you. You furiously retaliate!
You headbutt the black bear. The black bear claws you. x2
You barely miss the black bear. You headbutt the black bear.
The black bear is almost dead.
The black bear goes berserk!
The black bear closely misses you. The black bear claws you. x2
* * * LOW HITPOINT WARNING * * *
You barely miss the black bear.
You headbutt the black bear, but do no damage.
The black bear is almost dead.
The black bear bites you.
* * * LOW HITPOINT WARNING * * *
The black bear claws you.
You die...

#......# ##......+
#.......# ##
+.......#.. .
#...#...#.# ..
#...#.h.#.#..#
+...+.........
#...##...###.#
+...@hg......#
######...##### #...#
######...#
#....+...+ #. ### ..
#....#...###.# #.
#.. ...
#.†...........
#.##.#
...####†#......#....
#....#
........######.#<...
#..#.#


You could see a black bear (berserk) and a hobgoblin.

Vanquished Creatures
  An ooze (D:1)
  2 hobgoblins
  A jackal (D:1)
  2 ball pythons
  A bat (D:2)
  A goblin (D:2)
  2 kobolds (D:1)
  A rat (D:2)
11 creatures vanquished.

Notes
Turn   | Place    | Note
-------+----------+-------------------------------------------
     0 | D:1      | hansi the Minotaur Berserker began the quest for the Orb.
     0 | D:1      | Reached XP level 1. HP: 19/19 MP: 0/0
    21 | D:1      | Reached XP level 2. HP: 27/27 MP: 1/1
   193 | D:2      | Found a broken altar of Ashenzari.
   423 | D:2      | Noticed a black bear
   437 | D:2      | Slain by a black bear

Illustrated notes

Levels and vault maps discovered:
D:1:      evilmike_arrival_hilbert_curve, layout_basic, minmay_octomino_e4
D:2:      layout_basic, nicolae_overflow_crystal_walls

Skill      XL: |  1  2 |
---------------+-------+-----
Axes           | 4 |  4.1
Fighting       | 4 |  4.0
Armour         | |  2.6
Dodging        | |  2.3

Action                   || total
-------------------------++-------
Melee: Hand axe          ||    15
       Headbutt          ||     4
Invok: Berserk           ||     1
  Use: Scroll            ||     2
Armor: Animal skin       ||     3
Dodge: Dodged            ||     8
